AoeStats
← 阿酷丶

Fortress

510126616Analyzed
4v4 RM · 2d ago on Sep 29, 2026· 42m 57s· 8 players
Game mode
Random Map
Map size
Huge
Population
200
Speed
Normal
Resources
Standard
Victory
Conquest
Starting age
Dark Age
Ending age
Imperial Age
RankedLock teamsTeams togetherTeam positionsShared explorationLock speedFull tech treeHidden civsTurbo modeCheats
Victory
Defeat
🇨🇳 Saracens · China
1202
+16
🇹🇼 Spanish · Taiwan
1188
+16
1143
+18
1137
+18
🇮🇶 Cumans · Iraq
1207
-18
🇪🇸 Franks · Spain
1197
-17
🇨🇳 Vietnamese · China
1184
-17
🇩🇪 Shu · Germany
1173
-16
Hansel
8:22 Feudal Age
7:44 Loom
13:33 Castle Age
11:40 Horse Collar
12:32 Double-Bit Axe
13:00 Stone Mining
17:08 Heavy Plow
22:22 Wheelbarrow
22:41 Gold Mining
27:50 Imperial Age
26:04 Pikeman
26:45 Squires
26:49 Scale Mail Armor
27:00 Forging
27:12 Bow Saw
28:10 Hand Cart
28:48 Bolt Magazine
29:30 Chain Mail Armor
28:45 Halberdier
30:06 Conscription
30:20 Ballistics
31:08 Chemistry
31:29 Plate Mail Armor
30:49 Arson
32:10 Two-Man Saw
33:46 Town Watch
diegosgdm
7:41 Feudal Age
11:38 Castle Age
10:02 Double-Bit Axe
12:35 Wheelbarrow
13:20 Bow Saw
15:48 Loom
18:51 Hand Cart
26:03 Imperial Age
24:18 Gold Mining
24:52 Husbandry
25:47 Forging
25:44 Scale Barding Armor
27:17 Iron Casting
28:01 Chemistry
26:56 Cavalier
28:06 Chain Barding Armor
28:57 Paladin
31:04 Blast Furnace
30:57 Plate Barding Armor
32:11 Light Cavalry
34:36 Conscription
阿酷丶
7:55 Feudal Age
6:11 Loom
11:55 Castle Age
9:41 Double-Bit Axe
9:55 Horse Collar
12:14 Wheelbarrow
12:59 Bow Saw
21:36 Hand Cart
23:35 Gold Mining
27:17 Imperial Age
25:08 Fletching
25:18 Padded Archer Armor
25:20 Squires
25:05 Arson
24:41 Pikeman
26:49 Ballistics
25:57 Crossbowman
28:04 Thumb Ring
27:20 Arbalester
28:40 Paper Money
30:05 Two-Man Saw
29:07 Heavy Plow
28:59 Stone Mining
28:45 Halberdier
30:18 Leather Archer Armor
30:02 Bodkin Arrow
30:23 Leather Archer Armor
33:32 Stone Shaft Mining
34:16 Husbandry
34:27 Bloodlines
34:06 Man-at-Arms
35:05 Long Swordsman
ahmady sulaymani
2:33 Loom
6:18 Feudal Age
6:48 Double-Bit Axe
6:44 Horse Collar
17:38 Castle Age
16:28 Wheelbarrow
16:39 Gold Mining
17:09 Fletching
23:28 Ballistics
24:52 Bodkin Arrow
25:57 Padded Archer Armor
27:21 Hand Cart
28:18 Leather Archer Armor
28:30 Thumb Ring
29:14 Leather Archer Armor
29:11 Bloodlines
29:38 Bow Saw
29:32 Heavy Plow
29:25 Stone Mining
34:10 Imperial Age
35:54 Two-Man Saw
34:18 Elite Kipchak
35:30 Parthian Tactics
35:37 Ring Archer Armor
36:51 Chemistry
只會5TC
7:58 Feudal Age
11:40 Castle Age
10:09 Double-Bit Axe
10:08 Horse Collar
11:11 Gold Mining
12:31 Bow Saw
14:39 Heavy Plow
21:34 Stone Mining
25:48 Imperial Age
25:48 Wheelbarrow
26:09 Heavy Plow
26:22 Husbandry
26:30 Scale Barding Armor
26:35 Forging
27:20 Loom
27:11 Cavalier
28:02 Bloodlines
28:29 Chain Barding Armor
29:22 Hand Cart
31:01 Plate Barding Armor
31:01 Iron Casting
32:16 Two-Man Saw
32:57 Paladin
35:15 Blast Furnace
39:28 Light Cavalry
40:14 Fletching
40:29 Caravan
42:43 Hussar
精锐磁暴步兵
6:50 Feudal Age
10:42 Castle Age
8:34 Horse Collar
9:10 Double-Bit Axe
14:31 Loom
17:49 Scale Barding Armor
22:14 Wheelbarrow
21:24 Town Watch
22:06 Husbandry
24:03 Hand Cart
24:13 Bow Saw
27:38 Imperial Age
25:52 Bloodlines
25:54 Forging
26:10 Heavy Plow
26:02 Gold Mining
27:17 Chain Barding Armor
28:43 Iron Casting
28:23 Fortified Wall
29:23 Two-Man Saw
29:00 Gold Shaft Mining
27:55 Light Cavalry
29:11 Plate Barding Armor
28:30 Stone Mining
31:17 Blast Furnace
30:39 Fletching
31:45 Conscription
30:51 Capped Ram
31:49 Elite Mameluke
33:39 Chemistry
32:19 Onager
33:29 Siege Engineers
34:10 Elite Mameluke
34:40 Siege Ram
37:41 Padded Archer Armor
38:03 Ballistics
38:09 Bimaristan
37:56 Hussar
39:20 Leather Archer Armor
43:14 Ring Archer Armor
遇事不决选天朝
9:17 Feudal Age
8:03 Loom
13:02 Castle Age
11:12 Double-Bit Axe
11:23 Horse Collar
11:56 Gold Mining
12:27 Stone Mining
15:44 Bow Saw
15:38 Heavy Plow
19:31 Wheelbarrow
23:31 Treadmill Crane
24:28 Ballistics
24:41 Hand Cart
25:02 Elite Skirmisher
26:47 Gold Shaft Mining
28:46 Imperial Age
26:30 Fletching
27:28 Fortified Wall
27:14 Murder Holes
27:30 Masonry
28:17 Thumb Ring
28:29 Bodkin Arrow
28:40 Padded Archer Armor
30:30 Two-Man Saw
30:42 Conscription
31:31 Chemistry
30:34 Bracer
30:50 Leather Archer Armor
32:59 Ring Archer Armor
32:30 Scale Mail Armor
32:40 Forging
32:04 Crossbowman
32:58 Arbalester
33:11 Pikeman
33:52 Squires
33:37 Arson
34:56 Chain Mail Armor
35:49 Iron Casting
37:10 Hoardings
36:57 Kataparuto
36:16 Halberdier
38:38 Blast Furnace
38:08 Plate Mail Armor
39:36 Caravan
40:24 Gambesons
40:02 Elite Samurai
适合结婚的好妹妹
7:22 Feudal Age
11:18 Castle Age
9:17 Double-Bit Axe
9:15 Horse Collar
19:32 Gold Mining
26:09 Imperial Age
24:17 Wheelbarrow
23:37 Arson
23:52 Squires
24:05 Scale Mail Armor
24:15 Forging
23:58 Gambesons
24:43 Heavy Plow
25:06 Chain Mail Armor
25:07 Bow Saw
25:44 Hand Cart
26:58 Elite Varangian Guard
28:57 Conscription
29:51 Plate Mail Armor
29:57 Iron Casting
32:59 Blast Furnace
31:26 Cavalier
32:06 Husbandry
32:08 Pikeman
34:06 Bloodlines
33:20 Gothikon
33:26 Vendel Legacy
35:17 Scale Barding Armor
35:26 Halberdier
Connection lost

Rejoining the realm…

Still unreachable

The connection could not be restored.

Session expired

The server has moved on; the page needs a fresh start.